 Dungeon Crawl Stone Soup version 0.29.1-debian-4-g95531337e3 (webtiles) character file.

Game seed: 12695857458875555214

297 BlueGoblin the Slasher (level 6, -1/47 HPs)
             Began as a Demonspawn Warper on Sept 13, 2022.
             Slain by an orc
             ... wielding a +0 hand axe
              (5 damage)
             ... on level 4 of the Dungeon.
             The game lasted 00:07:49 (4036 turns).

BlueGoblin the Slasher (Demonspawn Warper)          Turns: 4036, Time: 00:07:50

Health: -1/47      AC:  3    Str: 11    XL:     6   Next: 12%
Magic:  9/9        EV: 12    Int: 14    God:
Gold:   124        SH:  0    Dex: 15    Spells: 7/9 levels left

rFire   . . .      SeeInvis .   a - +3 short sword (elec)
rCold   . . .      Faith    .   (no shield)
rNeg    . . .      Spirit   .   k - +0 leather armour
rPois   .          Reflect  .   (helmet restricted)
rElec   .          Harm     .   (no cloak)
rCorr   .          Rampage  .   (no gloves)
Will    .....                   (no boots)
Stlth   +.........              (no amulet)
HPRegen 0.15/turn               (no ring)
MPRegen 0.22/turn               (no ring)

@: no status effects
A: horns 1, magic regeneration, sturdy frame 1
a: no special abilities


You were on level 4 of the Dungeon.
You visited 1 branch of the dungeon, and saw 4 of its levels.

You collected 224 gold pieces.
You spent 100 gold pieces at shops.

Inventory:

Hand Weapons
 a - a +3 short sword of electrocution (weapon)
 b - a +0 sling
 o - a +0 falchion
Missiles
 d - 6 boomerangs of dispersal
Armour
 k - a +0 leather armour (worn)
Jewellery
 m - an amulet of faith
Wands
 j - a wand of charming (5)
Scrolls
 c - 2 scrolls of blinking
Potions
 e - a potion of flight {unknown}
 f - 2 potions of brilliance
 g - 2 potions of magic {unknown}
 i - a potion of invisibility {unknown}
 l - a potion of haste {unknown}


   Skills:
 + Level 3.1 Fighting
 + Level 3.4 Long Blades
 - Level 0.8 Throwing
 + Level 3.2 Armour
 + Level 2.8 Dodging
 - Level 2.0 Spellcasting
 + Level 3.0 Translocations


You had 7 spell levels left.
You knew the following spells:

 Your Spells              Type           Power      Damage    Failure   Level
a - Blink                 Tloc           18%        N/A       11%         2

Your spell library contained the following spells:

 Spells                   Type           Power      Damage    Failure   Level
 Gell's Gravitas          Tloc           9%         N/A       22%         3
 Lesser Beckoning         Tloc           9%         N/A       22%         3
 Teleport Other           Tloc           9%         N/A       22%         3
 Manifold Assault         Tloc           9%         N/A       56%         4
 Confusing Touch          Hex            1%         N/A       58%         3
 Yara's Violent Unravell  Hex/Tmut       0%         3d3       100%        5
 Enfeeble                 Hex            0%         N/A       100%        7


Dungeon Overview and Level Annotations

Branches:
Dungeon (4/15)
 Temple: D:4-7

Altars:
Vehumet
Yredelemnul

Shops:
D:2 [   D:3 *   D:4 *

Annotations:
D:3 1 runed translucent door


Innate Abilities, Weirdness & Mutations

You have a pair of small horns on your head.
You regenerate magic rapidly.
Your movements are slightly less encumbered by armour. (ER -2)


Message History

The orc priest barely misses you. The orc completely misses you.
The orc hits you with a +0 mace of protection.
You hit the orc priest.
The orc priest is severely wounded.
The orc hits you with a +0 mace of protection.
The orc priest barely misses you. The orc closely misses you.
The orc priest closely misses you.
You hit the orc priest. Your headbutt misses the orc priest.
The orc priest is severely wounded.
The orc hits you with a +0 hand axe!
The orc priest hits you with a +0 hand axe.
The orc misses you.
The orc priest calls down the wrath of Beogh upon you.
Beogh smites you!
* * * LOW HITPOINT WARNING * * *
The orc hits you with a +0 mace of protection.
* * * LOW HITPOINT WARNING * * *
It was a potion of curing.
You feel better. The orc barely misses you. The orc priest closely misses you.
The orc hits you but does no damage. The orc closely misses you.
The orc priest hits you with a +0 hand axe.
* * * LOW HITPOINT WARNING * * *
You feel better. The orc barely misses you. The orc priest misses you.
The orc hits you with a +0 mace of protection.
* * * LOW HITPOINT WARNING * * *
The orc priest barely misses you. The orc barely misses you.
You feel better. The orc hits you with a +0 hand axe.
The orc barely misses you. The orc hits you with a +0 mace.
* * * LOW HITPOINT WARNING * * *
The orc priest begins to cast a cantrip, but forgets the words!
The orc priest barely misses you. The orc attacks as you move away!
The orc hits you with a +0 hand axe!
* * * LOW HITPOINT WARNING * * *
The orc priest attacks as you move away!
The orc priest hits you with a +0 hand axe.
* * * LOW HITPOINT WARNING * * *
The orc priest closely misses you.
There is a stone staircase leading up here.
The orc hits you with a +0 hand axe.
You die...

....#
#####+####+##+#
#..............
#.............
#..........# .##
#..........#...#
#.....ooo....∩..
+....o.o@..#...#
#...####..$##.##
#.. #...##..#
... ...... .. ..
........ .
..........
.....$....
#########..


You could see 2 orc priests and 3 orcs.

Vanquished Creatures
  Grinder (D:3)
  A human skeleton (D:3)
  4 adders
  2 worms
  An orc (D:3)
  3 ball pythons
  4 bats
  3 endoplasms
  3 giant cockroaches
  2 goblins (D:1)
  7 hobgoblins
  4 jackals (D:3)
  2 frilled lizards (D:2)
  4 kobolds
  3 rats
44 creatures vanquished.

Vanquished Creatures (collateral kills)
  A jackal (D:3)
1 creature vanquished.

Vanquished Creatures (others)
  6 withered plants (D:4)
6 creatures vanquished.

Grand Total: 51 creatures vanquished

Notes
Turn   | Place    | Note
-------+----------+-------------------------------------------
     0 | D:1      | BlueGoblin the Demonspawn Warper began the quest for the
                  | Orb.
     0 | D:1      | Reached XP level 1. HP: 16/16 MP: 3/3
   246 | D:1      | Reached skill level 1 in Armour
   552 | D:1      | Gained mutation: You have a pair of small horns on your
                  | head. [demonic ancestry]
   552 | D:1      | Reached XP level 2. HP: 20/22 MP: 5/5
  1315 | D:2      | Found a faded altar of an unknown god.
  1401 | D:2      | Reached XP level 3. HP: 24/27 MP: 6/6
  1570 | D:2      | Found Baofuj's Antique Armour Emporium.
  1814 | D:2      | Learned a level 2 spell: Blink
  2162 | D:3      | Found a radiant altar of Vehumet.
  2404 | D:3      | Found Ynoago's Assorted Antiques.
  2575 | D:3      | Bought a square copper amulet for 100 gold pieces
  2643 | D:3      | Noticed Grinder
  2653 | D:3      | Killed Grinder
  2654 | D:3      | Gained mutation: Your movements are slightly less
                  | encumbered by armour. (ER -2) [demonic ancestry]
  2654 | D:3      | Reached XP level 4. HP: 14/35 MP: 7/7
  2654 | D:3      | Gained mutation: You regenerate magic rapidly. [demonic
                  | ancestry]
  2654 | D:3      | Reached XP level 5. HP: 17/41 MP: 8/8
  3140 | D:3      | Found a runed translucent door.
  3142 | D:3      | Found a basalt altar of Yredelemnul.
  3142 | D:3      | Noticed a human
  3374 | D:3      | Reached XP level 6. HP: 41/47 MP: 9/9
  4022 | D:4      | Found Rutetz's Gadget Gallery.
  4036 | D:4      | Slain by an orc

Illustrated notes

Levels and vault maps discovered:
D:1:      giann_wishing_wells, layout_basic
D:2:      layout_loops_ring, chequers_ecumenical_altar_simple, serial_shops,
          shop_fountains, dreamdust_mushroom_princess, uniq_crazy_yiuf_cottage
D:3:      layout_basic, nicolae_vehumet_radiance, dk_yredelemnul_ordeal,
          serial_shops, shop_statue, uniq_grinder
D:4:      layout_gridville, serial_undead, serial_undead_d, serial_undead_b,
          serial_undead_a, serial_undead_d, serial_undead_d, serial_undead_a,
          serial_undead_f, nicolae_shop_gadgets

Skill      XL: |  1  2  3  4  5 |
---------------+----------------+-----
Long Blades    | 2 3 |  3.4
Armour         | 1 3 |  3.2
Dodging        | 2 |  2.8
Fighting       | 3 |  3.1
Translocations | 3 |  3.0
Throwing       | |  0.8
Spellcasting   | |  2.0

Action                   |  1- 3 |  4- 6 || total
-------------------------+-------+-------++-------
Melee: Falchion          |    63 |       ||    63
       Headbutt          |     9 |     4 ||    13
       Punch             |     1 |       ||     1
       Short sword       |    40 |    35 ||    75
 Fire: Sling             |    12 |       ||    12
Throw: Boomerang         |     1 |       ||     1
 Cast: Blink             |     3 |     5 ||     8
  Use: Scroll            |     7 |     1 ||     8
       Potion            |       |     3 ||     3
Armor: Leather armour    |    39 |    20 ||    59
Dodge: Dodged            |    74 |    58 ||   132
